 Dungeon Crawl Stone Soup version 0.30-a0-141-g30f27751c5 (webtiles) character file.

Game seed: 8379423032697946437

8516 qw the Cleaver (level 11, -3/71 HPs)
             Began as a Gargoyle Fighter on Sept 25, 2022.
             Was an Elder of Okawaru.
             Slain by a spatial vortex (18 damage)
             ... summoned by a spatial maelstrom
             ... on level 1 of the Abyss.
             The game lasted 00:04:12 (9089 turns).

qw the Cleaver (Gargoyle Fighter)                   Turns: 9089, Time: 00:04:13

Health: -3/71      AC: 29    Str: 25    XL:     11   Next: 32%
Magic:  13/15      EV:  9    Int:  8    God:    Okawaru [****..]
Gold:   198        SH:  6    Dex:  9    Spells: 10/10 levels left

rFire   . . .      SeeInvis .    Y - +5 war axe
rCold   . . .      Faith    .    c - +0 buckler
rNeg    + . .      Spirit   .    u - +0 plate armour
rPois   inf        Reflect  .    (no helmet)
rElec   +          Harm     .    (no cloak)
rCorr   .          Rampage  .    a - +0 pair of gloves
Will    +....                    (no boots)
Stlth   ..........               (no amulet)
HPRegen 0.21/turn                r - ring of willpower
MPRegen 0.14/turn                l - +4 ring of protection

@: about to teleport, heroic
A: sickness immunity, AC +8, negative energy resistance 1, electricity
resistance, torment resistance 1, petrification resistance
a: Renounce Religion, Heroism, Finesse


You were on level 1 of the Abyss.
You worshipped Okawaru.
Okawaru was greatly pleased with you.
You visited 2 branches of the dungeon, and saw 10 of its levels.
You visited the Abyss 1 time.

You collected 446 gold pieces.
You spent 248 gold pieces at shops.


Innate Abilities, Weirdness & Mutations

You are immune to sickness and miasma.
Your stone body is resilient. (AC +8)
You are immune to poison.
You resist negative energy. (rN+)
You are resistant to electric shocks. (rElec)
You are resistant to unholy torment.
You are immune to petrification.


   Skills:
 - Level 9.2(14.2) Fighting
 + Level 11.4(16.4) Axes
 - Level 1.1(6.1) Throwing
 - Level 7.3(12.3) Armour
 - Level 1.8(6.8) Dodging
 - Level 5.0(10.0) Shields
 + Level 5.8 Invocations


You had 10 spell levels left.
You didn't know any spells.
Your spell library was empty.

Inventory:

Hand Weapons
 o - the +9 mace "Goz Ynn" {vorpal, Will++ Str+6 Stlth-}
   (You bought it in a shop on level 7 of the Dungeon)

   It inflicts extra damage upon your enemies.
   Str:       It affects your strength (+6).
   Will:      It greatly increases your willpower.
   Stlth:     It makes you less stealthy.
 Y - a +5 war axe (weapon)
Missiles
 q - 2 boomerangs (quivered)
Armour
 a - a +0 pair of gloves (worn)
 c - a +0 buckler (worn)
 u - a +0 plate armour (worn)
Jewellery
 h - a ring of positive energy
 j - a ring of resist corrosion
 l - a +4 ring of protection (right hand)
 r - a ring of willpower (left hand)
Scrolls
 g - 3 scrolls of identify
Potions
 b - 4 potions of attraction
 d - 3 potions of might
 e - a potion of lignification
 f - a potion of cancellation
 k - 7 potions of curing
 n - a potion of magic
 p - a potion of haste
 t - 2 potions of mutation

Dungeon Overview and Level Annotations

Branches:
Dungeon (9/15)             Temple (1/1) D:6
   Lair: D:8-11         Orc: D:9-12

Altars:
Ashenzari
Cheibriados
Dithmenos
Elyvilon
Fedhas
Gozag
Hepliaklqana
Kikubaaqudgha
Nemelex Xobeh
Okawaru
Qazlal
Ru
Sif Muna
Trog
Uskayaw
Vehumet
Wu Jian
Xom
Yredelemnul
Zin
The Shining One

Shops:
D:5 [   D:7 (

Annotations:
D:4 1 runed translucent door, qw's ghost, amateur GrFi
D:9 Psyche


Message History

You gain the combat prowess of a mighty hero.
The white imp shouts, "Away with thee, thou warped flap-mouthed minnow reeky!"
The white imp hits you but does no damage.
You barely miss the white imp.
The white imp hits you but does no damage.
You slice the white imp!!
You kill the white imp!
Okawaru accepts your kill.
You feel like a meek peon again.
A spatial maelstrom comes into view. 2 spatial vortices come into view.
A spatial vortex comes into view.
You hit the spatial maelstrom but do no damage.
You hit the spatial vortex.
The spatial maelstrom hits you but does no damage.
You block the spatial maelstrom's attack.
You hit the spatial maelstrom.
The spatial maelstrom is lightly damaged.
The spatial maelstrom hits you. Space warps around you.
The spatial maelstrom hits you but does no damage. 3 spatial vortices come into view.
9086 ||| INVOKING Heroism.
You gain the combat prowess of a mighty hero.
The spatial maelstrom hits you. Space warps horribly around you!!
The spatial maelstrom hits you but does no damage.
A spatial vortex comes into view.
The spatial vortex closely misses you.
The spatial maelstrom hits you but does no damage.
The spatial maelstrom closely misses you.
You slice the spatial maelstrom!!
The spatial maelstrom is moderately damaged.
You slash the spatial vortex!
The spatial maelstrom barely misses you.
The spatial maelstrom hits you. Space warps horribly around you!!
9089 ||| READING scroll of teleportation.
As you read the scroll of teleportation, it crumbles to dust.
You feel strangely unstable.
You feel the power of the Abyss delaying your translocation!
The spatial vortex hits you!!
You die...

. ## #### .
.#.########.
#v..#...# #
###v.v#####
###@.#.....#
#.v#.#.#..#.#
#vv.#.#.. #.#
##.#####.. #


.vv ##. ...# .# .... # #.## You could see a spatial maelstrom and 7 spatial
vortices.

Vanquished Creatures
  A sun demon (Abyss:1)
  Joseph (D:9)
  A large abomination (Abyss:1)
  4 raiju (Abyss:1)
  A ynoxinul (Abyss:1)
  10 yaks
  A wyvern (D:8)
  Grum (D:9)
  4 fire bats (Abyss:1)
  2 steam dragons (D:6)
  3 hell hounds (Abyss:1)
  A sky beast (D:6)
  3 ice beasts
  2 orc warriors (D:9)
  3 ogres
  2 wolves (D:9)
  7 centaurs
  A phantom (D:6)
  4 bullfrogs
  2 scorpions
  3 necrophages
  8 wights
  12 killer bees
  2 howler monkeys (D:8)
  3 jellies
  3 orc priests
  2 hounds
  Ijyb (D:3)
  Terence (D:3)
  An iguana (D:8)
  5 orc wizards
  10 adders
  A shadow imp (D:5)
  A white imp (Abyss:1)
  An ufetubus (D:5)
  3 worms
  3 dart slugs
  17 orcs
  6 ball pythons
  9 endoplasms
  2 goblins
  5 hobgoblins
  13 jackals
  3 quokkas
  3 bats
  7 kobolds
  5 rats
184 creatures vanquished.

Vanquished Creatures (others)
  An ice beast zombie (D:5)
  2 fungi (D:1)
  11 plants (D:1)
14 creatures vanquished.

Grand Total: 198 creatures vanquished

Notes
Turn   | Place    | Note
-------+----------+-------------------------------------------
     0 | D:1      | qw the Gargoyle Fighter began the quest for the Orb.
     0 | D:1      | Reached XP level 1. HP: 14/14 MP: 1/1
     0 | D:1      | 0 ||| qw: Version: 0.2-a-10-g399e6c4
     0 | D:1      | 0 ||| qw: Game counter: 289
     0 | D:1      | 0 ||| qw: Always use a shield: true
     0 | D:1      | 0 ||| qw: God list: Okawaru
     0 | D:1      | 0 ||| qw: Allow faded altars: false
     0 | D:1      | 0 ||| qw: Do Orc after D:15 true
     0 | D:1      | 0 ||| qw: Do second Lair branch before Depths: true
     0 | D:1      | 0 ||| qw: Lair rune preference: random
     0 | D:1      | 0 ||| qw: Plans: Normal, Zot:1-4, God:TSO, Crypt, Tomb,
                  | Pan, Slime:5, Hells, Abyss, Orb
     0 | D:1      | 0 ||| PLANNING D:1-11
   197 | D:1      | Reached skill level 2 in Axes
   273 | D:1      | Reached XP level 2. HP: 19/19 MP: 2/2
   508 | D:1      | 508 ||| Stepping ~*~*~tactically~*~*~ (stealth).
   518 | D:1      | Found a faded altar of an unknown god.
   546 | D:1      | 546 ||| Stepping ~*~*~tactically~*~*~ (stealth).
   547 | D:1      | 547 ||| Stepping ~*~*~tactically~*~*~ (stealth).
   548 | D:1      | 548 ||| Stepping ~*~*~tactically~*~*~ (stealth).
   549 | D:1      | 549 ||| Stepping ~*~*~tactically~*~*~ (stealth).
   599 | D:1      | 599 ||| Stepping ~*~*~tactically~*~*~ (stealth).
   600 | D:1      | 600 ||| Stepping ~*~*~tactically~*~*~ (stealth).
   669 | D:1      | Reached skill level 3 in Axes
   884 | D:1      | 884 ||| READING scroll labelled YVVIDEQUGG.
   885 | D:1      | 885 ||| READING 2 scrolls labelled WEDU BAASAXE.
   886 | D:1      | 886 ||| READING scroll labelled VEROSEUPHYA.
   923 | D:1      | 923 ||| DRINKING 2 green potions.
   924 | D:1      | 924 ||| DROPPING scroll of vulnerability.
   993 | D:2      | 993 ||| Stepping ~*~*~tactically~*~*~ (stealth).
   997 | D:2      | Reached XP level 3. HP: 21/23 MP: 3/3
   997 | D:2      | 997 ||| Stepping ~*~*~tactically~*~*~ (stealth).
   999 | D:2      | 999 ||| Stepping ~*~*~tactically~*~*~ (stealth).
  1254 | D:2      | Reached skill level 4 in Axes
  1254 | D:2      | Reached XP level 4. HP: 20/28 MP: 4/4
  1397 | D:2      | Found a hazy altar of Hepliaklqana.
  1912 | D:2      | 1912 ||| UPGRADING to +0 pair of gloves.
  1917 | D:2      | 1917 ||| DROPPING orb of wrath.
  1918 | D:2      | 1918 ||| UPGRADING to ring of positive energy.
  1919 | D:2      | 1919 ||| READING 2 scrolls labelled GUSETR RIRIPUN.
  1920 | D:2      | 1920 ||| READING scroll labelled CONOTUXIZU.
  1921 | D:2      | 1921 ||| READING scroll labelled DUJULU GOKHLURPH.
  1967 | D:3      | 1967 ||| Stepping ~*~*~tactically~*~*~ (stealth).
  1968 | D:3      | 1968 ||| Stepping ~*~*~tactically~*~*~ (stealth).
  1972 | D:3      | 1972 ||| Stepping ~*~*~tactically~*~*~ (stealth).
  2030 | D:3      | 2030 ||| Stepping ~*~*~tactically~*~*~ (stealth).
  2035 | D:3      | Reached XP level 5. HP: 32/32 MP: 5/5
  2054 | D:3      | Found a sacrificial altar of Ru.
  2060 | D:3      | Noticed Ijyb
  2061 | D:3      | 2061 ||| Stepping ~*~*~tactically~*~*~ (stealth).
  2063 | D:3      | 2063 ||| Stepping ~*~*~tactically~*~*~ (hiding).
  2074 | D:3      | Killed Ijyb
  2210 | D:3      | Noticed Terence
  2220 | D:3      | Killed Terence
  2221 | D:3      | Reached skill level 5 in Axes
  2371 | D:3      | 2371 ||| DROPPING +0 club.
  2457 | D:3      | Reached XP level 6. HP: 29/38 MP: 6/6
  2659 | D:3      | 2659 ||| Stepping ~*~*~tactically~*~*~ (stealth).
  2790 | D:3      | 2790 ||| DROPPING scarf of harm.
  2791 | D:3      | 2791 ||| UPGRADING to +0 chain mail.
  2801 | D:3      | 2801 ||| DROPPING +0 scale mail.
  2802 | D:3      | 2802 ||| READING scroll labelled QIMNU GOTELO.
  2829 | D:4      | 2829 ||| PLANNING OSSUARY
  2921 | D:4      | HP: 4/38 [orc priest/divine providence (15)]
  2922 | D:4      | 2922 ||| DRINKING potion of heal wounds.
  3143 | D:4      | Identified the +1 leather armour of Oddihi {rElec rN++}
  3148 | D:4      | 3148 ||| Stepping ~*~*~tactically~*~*~ (hiding).
  3177 | D:4      | 3177 ||| Stepping ~*~*~tactically~*~*~ (stealth).
  3210 | D:4      | Found a runed translucent door.
  3472 | D:4      | 3472 ||| RIP OSSUARY
  3638 | D:4      | Noticed qw's ghost (amateur GrFi)
  3723 | D:4      | 3723 ||| PLANNING D:1-11
  3782 | D:4      | 3782 ||| UPGRADING to amulet of guardian spirit.
  3787 | D:4      | 3787 ||| DRINKING 2 pink potions.
  3788 | D:4      | 3788 ||| READING 3 scrolls of identify.
  3788 | D:4      | 3788 ||| IDENTIFYING silvery potion
  3789 | D:4      | 3789 ||| READING 2 scrolls of identify.
  3789 | D:4      | 3789 ||| IDENTIFYING sedimented purple potion
  3804 | D:5      | Entered Level 5 of the Dungeon
  3847 | D:5      | Reached skill level 6 in Axes
  3849 | D:5      | Reached skill level 1 in Dodging
  3849 | D:5      | Reached XP level 7. HP: 41/43 MP: 7/7
  3895 | D:5      | 3895 ||| Stepping ~*~*~tactically~*~*~ (stealth).
  3897 | D:5      | 3897 ||| Stepping ~*~*~tactically~*~*~ (stealth).
  3898 | D:5      | 3898 ||| Stepping ~*~*~tactically~*~*~ (stealth).
  3900 | D:5      | 3900 ||| Stepping ~*~*~tactically~*~*~ (stealth).
  3903 | D:5      | 3903 ||| Stepping ~*~*~tactically~*~*~ (stealth).
  3904 | D:5      | 3904 ||| FLEEEEING.
  3907 | D:5      | 3907 ||| FLEEEEING.
  3908 | D:5      | 3908 ||| FLEEEEING.
  3909 | D:5      | 3909 ||| FLEEEEING.
  3910 | D:5      | 3910 ||| FLEEEEING.
  3911 | D:5      | 3911 ||| FLEEEEING.
  3912 | D:5      | 3912 ||| FLEEEEING.
  3913 | D:5      | 3913 ||| FLEEEEING.
  3914 | D:5      | 3914 ||| FLEEEEING.
  3915 | D:5      | 3915 ||| FLEEEEING.
  3916 | D:5      | 3916 ||| FLEEEEING.
  3917 | D:5      | 3917 ||| FLEEEEING.
  3918 | D:5      | 3918 ||| FLEEEEING.
  3919 | D:5      | 3919 ||| FLEEEEING.
  3920 | D:5      | 3920 ||| FLEEEEING.
  3921 | D:5      | 3921 ||| FLEEEEING.
  3922 | D:5      | 3922 ||| STAIRDANCE
  4062 | D:5      | 4062 ||| STAIRDANCE
  4147 | D:5      | Reached skill level 7 in Axes
  4164 | D:5      | 4164 ||| Stepping ~*~*~tactically~*~*~ (stealth).
  4233 | D:5      | Found a basalt altar of Yredelemnul.
  4358 | D:5      | Reached XP level 8. HP: 49/50 MP: 8/8
  4522 | D:5      | Found Wuxion's Armour Shop.
  4528 | D:5      | 4528 ||| SHOPLISTING +1 crystal plate armour "Qeill" {rC+
                  | Dex+3 Slay+2} (1204 gold, have 263).
  4528 | D:5      | 4528 ||| SHOPLISTING +2 buckler "Lyufija" {rF+ Will+ Dex+4}
                  | (467 gold, have 263).
  4528 | D:5      | 4528 ||| SHOPLISTING +2 cloak of the Everdark {rElec Will+
                  | Regen+ SInv} (421 gold, have 263).
  4536 | D:5      | 4536 ||| UPGRADING to +0 plate armour.
  4546 | D:5      | 4546 ||| DROPPING +0 chain mail.
  4547 | D:5      | 4547 ||| UPGRADING to +4 ring of protection.
  4548 | D:5      | 4548 ||| UPGRADING to ring of resist corrosion.
  4550 | D:5      | 4550 ||| READING scroll labelled LIEQIA OGAKODD.
  4551 | D:5      | 4551 ||| READING scroll labelled FIED ALOPREA.
  4555 | D:5      | 4555 ||| READING scroll labelled YXAOLOGUJA.
  4556 | D:5      | 4556 ||| READING 2 scrolls of identify.
  4556 | D:5      | 4556 ||| IDENTIFYING golden potion
  4557 | D:5      | 4557 ||| DROPPING potion of magic.
  4695 | D:6      | Found a shimmering altar of Xom.
  4696 | D:6      | Found a shimmering altar of Xom.
  4697 | D:6      | Found a shimmering altar of Xom.
  4698 | D:6      | Found a shimmering altar of Xom.
  4699 | D:6      | Found a shimmering altar of Xom.
  4727 | D:6      | Reached skill level 8 in Axes
  4943 | D:6      | 4943 ||| SWAPPING to +3 war axe.
  4944 | D:6      | 4944 ||| DROPPING +1 war axe of chaos.
  5015 | D:6      | Found an ancient bone altar of Kikubaaqudgha.
  5090 | D:6      | Reached skill level 6 in Fighting
  5218 | D:6      | Found a staircase to the Ecumenical Temple.
  5219 | D:6      | 5219 ||| PLANNING TEMPLE
  5219 | D:6      | 5219 ||| READING 2 scrolls labelled COTYTZ RELULL.
  5220 | D:6      | 5220 ||| READING 3 scrolls of identify.
  5220 | D:6      | 5220 ||| IDENTIFYING fizzy orange potion
  5221 | D:6      | 5221 ||| READING 2 scrolls of identify.
  5221 | D:6      | 5221 ||| IDENTIFYING murky green potion
  5222 | D:6      | 5222 ||| DROPPING scroll of poison.
  5223 | D:6      | 5223 ||| DROPPING potion of flight.
  5224 | D:6      | 5224 ||| DROPPING potion of brilliance.
  5230 | Temple   | Entered the Ecumenical Temple
  5251 | Temple   | 5251 ||| PLANNING OKAWARU WORSHIP
  5411 | Temple   | Became a worshipper of Warmaster Okawaru
  5412 | Temple   | 5412 ||| PLANNING D:1-11
  5412 | Temple   | 5412 ||| REMOVING amulet of guardian spirit.
  5417 | Temple   | 5417 ||| DROPPING amulet of guardian spirit.
  5523 | D:6      | Reached XP level 9. HP: 56/56 MP: 9/9
  5686 | D:6      | 5686 ||| READING scroll labelled LUJAYG WIRUEDD.
  5835 | D:7      | Reached skill level 9 in Axes
  6042 | D:7      | 6042 ||| READING scroll of enchant weapon.
  6042 | D:7      | 6042 ||| ENCHANTING +3 war axe.
  6102 | D:7      | Found Xiulea Wegaff's Antique Weapon Boutique.
  6427 | D:7      | 6427 ||| BUYING fading mace (248 gold).
  6427 | D:7      | Bought a fading mace for 248 gold pieces
  6427 | D:7      | Identified the +9 mace "Goz Ynn" {vorpal, Will++ Str+6
                  | Stlth-} (You bought it in a shop on level 7 of the Dungeon)
  6427 | D:7      | 6427 ||| SHOPLISTING scorched war axe (263 gold, have 83).
  6427 | D:7      | 6427 ||| DROPPING +0 flail.
  6471 | D:7      | Found a shadowy altar of Dithmenos.
  6473 | D:7      | Found a broken altar of Ashenzari.
  6473 | D:7      | Found a hazy altar of Hepliaklqana.
  6473 | D:7      | Found a snail-covered altar of Cheibriados.
  6477 | D:7      | Found a shimmering blue altar of Sif Muna.
  6578 | D:7      | 6578 ||| READING 2 scrolls of identify.
  6578 | D:7      | 6578 ||| IDENTIFYING inky potion
  6994 | D:8      | Reached * piety under Okawaru
  6995 | D:8      | Reached skill level 6 in Armour
  7108 | D:8      | Reached skill level 1 in Invocations
  7136 | D:8      | 7136 ||| Stepping ~*~*~tactically~*~*~ (hiding).
  7173 | D:8      | 7173 ||| FLEEEEING.
  7177 | D:8      | 7177 ||| FLEEEEING.
  7178 | D:8      | 7178 ||| FLEEEEING.
  7179 | D:8      | 7179 ||| FLEEEEING.
  7186 | D:8      | 7186 ||| FLEEEEING.
  7187 | D:8      | 7187 ||| FLEEEEING.
  7188 | D:8      | 7188 ||| FLEEEEING.
  7192 | D:8      | 7192 ||| Stepping ~*~*~tactically~*~*~ (hiding).
  7193 | D:8      | 7193 ||| Stepping ~*~*~tactically~*~*~ (hiding).
  7244 | D:8      | Reached skill level 3 in Invocations
  7380 | D:8      | Found an ornate altar of the Wu Jian Council.
  7469 | D:8      | 7469 ||| READING scroll of enchant weapon.
  7469 | D:8      | 7469 ||| ENCHANTING +4 war axe.
  7478 | D:8      | 7478 ||| Stepping ~*~*~tactically~*~*~ (hiding).
  7479 | D:8      | 7479 ||| Stepping ~*~*~tactically~*~*~ (hiding).
  7484 | D:8      | 7484 ||| INVOKING Heroism.
  7543 | D:8      | Reached skill level 1 in Throwing
  7575 | D:8      | 7575 ||| INVOKING Heroism.
  7581 | D:8      | Reached XP level 10. HP: 59/63 MP: 9/13
  7582 | D:8      | Reached ** piety under Okawaru
  7589 | D:8      | Reached skill level 10 in Axes
  7892 | D:8      | 7892 ||| UPGRADING to ring of willpower.
  7894 | D:8      | 7894 ||| READING scroll labelled LUJABB CASCHOGE.
  7895 | D:8      | 7895 ||| READING 6 scrolls of identify.
  7895 | D:8      | 7895 ||| IDENTIFYING puce potion
  7896 | D:8      | 7896 ||| READING 5 scrolls of identify.
  7896 | D:8      | 7896 ||| IDENTIFYING blue potion
  7897 | D:8      | 7897 ||| READING 4 scrolls of identify.
  7897 | D:8      | 7897 ||| IDENTIFYING fuming blue potion
  7898 | D:8      | 7898 ||| DROPPING potion of degeneration.
  7919 | D:9      | 7919 ||| INVOKING Heroism.
  7977 | D:9      | 7977 ||| INVOKING Heroism.
  8043 | D:9      | 8043 ||| Stepping ~*~*~tactically~*~*~ (stealth).
  8046 | D:9      | 8046 ||| Stepping ~*~*~tactically~*~*~ (stealth).
  8047 | D:9      | 8047 ||| Stepping ~*~*~tactically~*~*~ (stealth).
  8051 | D:9      | 8051 ||| Stepping ~*~*~tactically~*~*~ (stealth).
  8058 | D:9      | Reached *** piety under Okawaru
  8150 | D:9      | Noticed Grum
  8151 | D:9      | 8151 ||| INVOKING Heroism.
  8165 | D:9      | Killed Grum
  8166 | D:9      | Reached skill level 11 in Axes
  8406 | D:9      | Noticed Joseph
  8407 | D:9      | 8407 ||| INVOKING Heroism.
  8424 | D:9      | Killed Joseph
  8515 | D:9      | Noticed Psyche
  8516 | D:9      | 8516 ||| Stepping ~*~*~tactically~*~*~ (hiding).
  8517 | D:9      | 8517 ||| INVOKING Heroism.
  8523 | D:9      | 8523 ||| Stepping ~*~*~tactically~*~*~ (hiding).
  8527 | Abyss:1  | Cast into level 1 of the Abyss (Psyche)
  8578 | Abyss:1  | 8578 ||| INVOKING Heroism.
  8620 | Abyss:1  | Noticed a sun demon
  8620 | Abyss:1  | 8620 ||| INVOKING Heroism.
  8635 | Abyss:1  | Killed a sun demon
  8635 | Abyss:1  | Reached **** piety under Okawaru
  8636 | Abyss:1  | Reached skill level 9 in Fighting
  8636 | Abyss:1  | Reached XP level 11. HP: 22/71 MP: 12/14
  8638 | Abyss:1  | HP: 16/71 [hell hound (7)]
  8639 | Abyss:1  | 8639 ||| READING 3 scrolls of teleportation.
  8640 | Abyss:1  | 8640 ||| DRINKING potion of heal wounds.
  8649 | Abyss:1  | Noticed a fire dragon
  8650 | Abyss:1  | a fire dragon changed into an ice dragon
  8650 | Abyss:1  | Noticed an ice dragon (glowing shapeshifter)
  8651 | Abyss:1  | an ice dragon changed into a slime creature
  8799 | Abyss:1  | Found a corrupted altar of Lugonu.
  8807 | Abyss:1  | 8807 ||| INVOKING Heroism.
  8814 | Abyss:1  | 8814 ||| Stepping ~*~*~tactically~*~*~ (hiding).
  8832 | Abyss:1  | 8832 ||| Stepping ~*~*~tactically~*~*~ (hiding).
  8836 | Abyss:1  | 8836 ||| INVOKING Heroism.
  8839 | Abyss:1  | HP: 17/71 [raiju/living lightning (5)]
  8840 | Abyss:1  | 8840 ||| READING 2 scrolls of teleportation.
  8957 | Abyss:1  | 8957 ||| INVOKING Heroism.
  9003 | Abyss:1  | 9003 ||| INVOKING Heroism.
  9081 | Abyss:1  | Noticed a spatial maelstrom
  9086 | Abyss:1  | 9086 ||| INVOKING Heroism.
  9088 | Abyss:1  | HP: 15/71 [spatial maelstrom (23)]
  9089 | Abyss:1  | 9089 ||| READING scroll of teleportation.
  9089 | Abyss:1  | Slain by a spatial vortex

Levels and vault maps discovered:
D:1:      dpeg_arrival_water_fire, layout_loops_ring,
          shapermc_ecumenical_altar_mp_ritualfount
D:2:      layout_loops_ring, basic_altar, glass_columns_a, dk_noncrumbling_3
D:3:      layout_rooms, old_standard_altar, uniq_terence, uniq_ijyb
D:4:      layout_basic, ebering_ghost_sewer_d, chequers_ossuary_entry_cave
D:5:      layout_rooms, mainiacjoe_overflow_surrounded_room, serial_shops,
          kennysheep_little_box
D:6:      layout_basic, xom_redecorated, mainiacjoe_overflow_small_starburst,
          minmay_temple_entry_fiery
D:7:      layout_loops_ring, minitemple, serial_shops, nicolae_shop_waterfront,
          minmay_misc_feat_ornament, minmay_strange_pillars
D:8:      layout_loops_ring, nicolae_wu_jian_immortal_techniques
D:9:      layout_small_grid, kennysheep_generic_room_8, uniq_gastronok,
          uniq_joseph, uniq_grum, uniq_psyche
Temple:   bh_familiar_temple
Abyss:1:  base:
D:7

Skill      XL: |  1  2  3  4  5  6  7  8  9 10 11 |
---------------+----------------------------------+-----
Axes           | 2 3 4 5 6 7 8 9 11 | 11.4
Fighting       | 4 5 6 7 9 |  9.2
Dodging        | 1 |  1.8
Armour         | 5 6 7 |  7.3
Shields        | 4 5 |  5.0
Invocations    | 4 5 |  5.8
Throwing       | 1 |  1.1

Action                   |  1- 3 |  4- 6 |  7- 9 | 10-12 || total
-------------------------+-------+-------+-------+-------++-------
Melee: War axe           |    68 |   162 |   213 |   148 ||   591
Throw: Boomerang         |    37 |    17 |     7 |    15 ||    76
Invok: Heroism           |       |       |     2 |    12 ||    14
  Use: Scroll            |     3 |     6 |    11 |     7 ||    27
       Potion            |     1 |     2 |       |     1 ||     4
 Stab: Petrifying        |       |     1 |       |       ||     1
Armor: Scale mail        |    38 |    49 |       |       ||    87
       Chain mail        |       |    36 |    38 |       ||    74
       Plate armour      |       |       |   139 |   107 ||   246
Dodge: Dodged            |    35 |    58 |    71 |    67 ||   231
Block: Buckler           |    19 |    20 |    50 |    36 ||   125

Table legend:
 A = Non-vault XP
 B = Vault XP
 C = Vault XP percentage of total XP
 D = Non-vault monster count
 E = Vault monster count
 F = Vault count percentage of total count
                 A         B        C        D         E       F
            +---------+---------+-------+---------+---------+-------
      Total |   11239 |     927 |   7.6 |     178 |       6 |   3.3
            +---------+---------+-------+---------+---------+-------
        D:1 |      33 |       0 |   0.0 |      18 |       0 |   0.0
        D:2 |     107 |       0 |   0.0 |      20 |       0 |   0.0
        D:3 |     138 |      72 |  34.3 |      20 |       2 |   9.1
        D:4 |     113 |       0 |   0.0 |      14 |       0 |   0.0
        D:5 |     997 |       0 |   0.0 |      23 |       0 |   0.0
        D:6 |    1282 |       0 |   0.0 |      13 |       0 |   0.0
        D:7 |     630 |       0 |   0.0 |       9 |       0 |   0.0
        D:8 |    2602 |       0 |   0.0 |      28 |       0 |   0.0
        D:9 |    1766 |     855 |  32.6 |      18 |       4 |  18.2
    Abyss:1 |    3571 |       0 |   0.0 |      15 |       0 |   0.0
            +---------+---------+-------+---------+---------+-------
